 Dungeon Crawl Stone Soup version 0.30-a0-553-g7fabdf1491 (webtiles) character file.

Game seed: 18374154232108909460

9271 Jase the Covert (level 11, -20/65 HPs)
             Began as an Octopode Brigand on Dec 26, 2022.
             Was a High Priest of Cheibriados.
             Killed by an exploding yak (26 damage)
             ... ignited by their inner flame
             ... on level 1 of the Lair of Beasts.
             The game lasted 00:48:53 (9172 turns).

Jase the Covert (Octopode Brigand)                  Turns: 9172, Time: 00:48:54

Health: -20/65     AC:  6    Str: 24    XL:     11   Next: 43%
Magic:  32/34      EV: 31    Int: 31    God:    Cheibriados [*****.]
Gold:   207        SH:  0    Dex: 34    Spells: 5/12 levels left

rFire   . . .      SeeInvis .    (weapon currently unavailable)
rCold   . . .      Faith    .    (shield currently unavailable)
rNeg    + . .      Spirit   .    (helmet currently unavailable)
rPois   x          Reflect  .    F - amulet of regeneration
rElec   .          Harm     .    k - ring of magical power
rCorr   .          Rampage  .    l - ring of positive energy
Will    +....                    z - +4 ring of protection
Stlth   ++++++                   G - ring of willpower
HPRegen 1.10/turn                I - ring of magical power
MPRegen 0.24/turn                (no ring)
                                 (no ring)
                                 (no ring)

@: spider-form, very slow
A: venomous fangs, almost no armour, (amphibious), 8 rings, tiny, (camouflage
1), (gelatinous body 1), (nimble swimmer 1), (tentacles)
a: End Transformation, Renounce Religion, Bend Time, Temporal Distortion,
Slouch, Step From Time


You were on level 1 of the Lair of Beasts.
You worshipped Cheibriados.
Cheibriados was extremely pleased with you.
You were a venomous arachnid creature.
You visited 2 branches of the dungeon, and saw 11 of its levels.

You collected 619 gold pieces.
You spent 412 gold pieces at shops.

Inventory:

Hand Weapons
 a - a +1 short sword of freezing
 b - a +1 vampiric short sword (melded)
 c - a +1 dagger of venom
 d - a +0 rapier
Missiles
 h - 4 boomerangs
 u - 18 poisoned darts (quivered)
 A - 4 curare-tipped darts
Armour
 e - a +0 tower shield
 j - a +2 hat of see invisible (melded)
 H - a +0 kite shield
Jewellery
 k - a ring of magical power (left front leg)
 l - a ring of positive energy (right front leg)
 z - a +4 ring of protection (on tentacle)
 F - an amulet of regeneration (around neck)
 G - a ring of willpower (on tentacle)
 I - a ring of magical power (on tentacle)
Wands
 E - a wand of mindburst (7)
Scrolls
 f - a scroll of immolation
 i - 2 scrolls of enchant weapon {unknown}
 o - 2 scrolls of blinking {unknown}
 q - a scroll of amnesia
 r - 5 scrolls of teleportation
 s - a scroll of fog
 w - a scroll of magic mapping
 y - 3 scrolls of enchant armour
Potions
 g - 2 potions of might
 m - 2 potions of heal wounds
 n - a potion of berserk rage
 p - 2 potions of attraction
 t - a potion of magic
 v - 3 potions of curing
 x - a potion of resistance
 B - a potion of ambrosia
 C - 2 potions of brilliance {unknown}
 D - 3 potions of lignification
 J - a potion of mutation


   Skills:
 + Level 2.4 Fighting
 + Level 7.2 Short Blades
 - Level 2.0 Throwing
 + Level 7.2 Dodging
 - Level 11.0 Stealth
 - Level 1.0 Spellcasting
 + Level 6.2 Hexes
 + Level 5.2 Transmutations
 - Level 4.0 Ice Magic
 - Level 4.0 Earth Magic
 - Level 4.0 Poison Magic
 + Level 7.1 Invocations


You had 5 spell levels left.
You knew the following spells:

 Your Spells              Type           Power      Damage    Failure   Level
a - Ensorcelled Hibernat  Hex/Ice        66%        N/A       7%          2
b - Passwall              Tmut/Erth      25%        N/A       8%          2
c - Spider Form           Tmut/Pois      30%        N/A       12%         3

Your spell library contained the following spells:

 Spells                   Type           Power      Damage    Failure   Level
 Dazzling Flash           Conj/Hex       40%        N/A       19%         3
 Summon Guardian Golem    Hex/Summ       20%        N/A       19%         3
 Summon Small Mammal      Summ           4%         N/A       22%         1
 Anguish                  Hex/Necr       10%        N/A       43%         4
 Call Canine Familiar     Summ           1%         N/A       45%         3
 Gell's Gravitas          Tloc           1%         N/A       45%         3
 Lesser Beckoning         Tloc           2%         N/A       45%         3
 Swiftness                Air            1%         N/A       45%         3
 Teleport Other           Tloc           1%         N/A       45%         3
 Silence                  Hex/Air        10%        N/A       75%         5
 Agony                    Necr           1%         N/A       98%         5
 Dispersal                Tloc           0%         N/A       100%        6
 Chain Lightning          Conj/Air       0%         2d1       100%        9
 Fire Storm               Conj/Fire      0%         6d1       100%        9
 Shatter                  Erth           13%        3d13*     100%        9


Dungeon Overview and Level Annotations

Branches:
Dungeon (9/15)             Temple (0/1) D:7            Lair (2/5) D:8
  Swamp: Lair:2-3    Shoals: Lair:2-3     Snake: Lair:2-3    Spider: Lair:2-3
    Orc: D:9-12

Altars:
Ashenzari
Cheibriados
Kikubaaqudgha

Shops:
D:2 (:   D:3 ?   D:8 =


Innate Abilities, Weirdness & Mutations

You are a venomous arachnid creature.
You have poisonous fangs.
You are tiny and dextrous.
Your spellcasting is less reliable in this form.
Your armour is entirely melded.
You are incapable of wielding weapons or throwing items.
You cannot wear most types of armour.
((You are amphibious.))
You can wear up to eight rings at the same time.
((Your skin changes colour to match your surroundings (Stealth+).))
((Your rubbery body absorbs attacks. (AC +1, EV +1)))
((You are camouflaged when in or above water. (Stealth+)))
((You have tentacles for arms and can constrict up to eight enemies at once.))


Message History

You hit the yak.
The yak is moderately wounded.
You completely miss the yak. You squeeze the yak, but do no damage.
The yak is moderately wounded.
The yak misses you. The yak completely misses you. The yak gores you!
The yak misses you. The yak closely misses you.
Casting: Passwall (safe; 1% risk of failure)
Confirm with . or Enter, or press ? or * to list all spells.
You turn into a venomous arachnid creature.
Your +1 vampiric short sword melds into your body.
Your +2 hat of see invisible melds into your body.
You feel the dreadful sensation subside.
You feel less perceptive. The yak gores you. The yak completely misses you. x2
The yak barely misses you. The yak completely misses you.
You hit the yak.
The yak is poisoned.
The yak is heavily wounded.
The yak completely misses you. x2; The yak gores you!
The yak barely misses you. The yak gores you but does no damage.
You hit the yak but do no damage.
The yak looks as sick as possible!
The yak is heavily wounded.
The yak completely misses you. x5
You hit the yak.
The yak looks as sick as possible!
The yak is heavily wounded.
The yak completely misses you. The yak barely misses you.
The yak misses you. x2
The yak completely misses you.
You hit the yak but do no damage.
The yak is poisoned.
The yak misses you. The yak completely misses you. The yak gores you!
The yak completely misses you. The yak gores you!
* * * LOW HITPOINT WARNING * * *
As you read the scroll labelled ROG OCWEHAU, it crumbles to dust.
The creatures around you are filled with an inner flame!
It was a scroll of immolation.
Flame seeps out of the yak.
The yak gores you!
* * * LOW HITPOINT WARNING * * *
The yak misses you.
The yak is engulfed in blazing flames.
Cheibriados thoroughly appreciates the change of pace.
The yak explodes!
The fiery explosion engulfs the yak!!!
Cheibriados thoroughly appreciates the change of pace.
The fiery explosion engulfs you!!
You die...

#....#############....#.......#..
.[....................#.......#..
...#.###.#+###................#..
...#.........#........#.......#..
...#...........####..............
#..#.........#.# #....#'######..
#..#...........# #..............
#............#.####...#.+#+#.....
#..#...........Ys○§...#....#.....
#..#...........Y§Y§...#....#.....
#..#.........#........#..........
#..#.........#........#.†..P.....
#............#..........####.....
...####PP.####..........<........
#..................#.#######.....
...................### #.....
....................# #.....


You could see 3 yaks.

Vanquished Creatures
  A two-headed ogre (D:8)
  An oklob plant (Lair:1)
  7 cane toads
  A komodo dragon (D:7)
  A troll (D:9)
  Grinder (D:3)
  A hornet (Lair:1)
  A vampire (D:9)
  9 yaks
  A wyvern (D:8)
  2 steam dragons
  Edmund (D:4)
  6 water moccasins
  An orc warrior (D:7)
  3 ice beasts
  2 sky beasts
  2 ogres (D:6)
  A centaur (D:8)
  A phantom (D:6)
  A kobold brigand (D:8)
  7 bullfrogs
  A gnoll sergeant (D:8)
  2 scorpions
  24 killer bees
  3 orc priests
  3 hounds
  A jelly (D:5)
  An iguana (D:4)
  6 orc wizards
  12 gnolls
  4 adders
  A shadow imp (D:7)
  2 white imps
  A worm (D:5)
  2 dart slugs
  22 orcs
  3 endoplasms
  3 giant cockroaches
  6 goblins
  4 hobgoblins
  11 kobolds
  3 quokkas
  3 ball pythons
  10 bats
  2 frilled lizards
  A rat (D:1)
182 creatures vanquished.

Vanquished Creatures (others)
  2 fungi (Lair:1)
2 creatures vanquished.

Grand Total: 184 creatures vanquished

Notes
Turn   | Place    | Note
-------+----------+-------------------------------------------
     0 | D:1      | Jase the Octopode Brigand began the quest for the Orb.
     0 | D:1      | Reached XP level 1. HP: 14/14 MP: 1/1
   391 | D:1      | Reached XP level 2. HP: 19/19 MP: 2/2
   647 | D:2      | Found Coir's Vocational Training.
   659 | D:2      | Found a faded altar of an unknown god.
   666 | D:2      | Prayed at the altar of an unknown god.
   666 | D:2      | Became a worshipper of Cheibriados the Contemplative
   666 | D:2      | Reached * piety under Cheibriados
  1151 | D:2      | Found Qunteq's Weapon Emporium.
  1265 | D:3      | Reached XP level 3. HP: 16/24 MP: 3/3
  1268 | D:3      | Reached skill level 1 in Invocations
  1275 | D:3      | Reached skill level 6 in Stealth
  1275 | D:3      | Reached XP level 4. HP: 12/29 MP: 4/4
  1486 | D:3      | Reached ** piety under Cheibriados
  1488 | D:3      | Found an ancient bone altar of Kikubaaqudgha.
  1586 | D:3      | Found Lymistrie's Magic Scroll Boutique.
  1592 | D:3      | Bought a scroll of identify for 28 gold pieces
  1596 | D:3      | Bought a scroll of identify for 28 gold pieces
  1597 | D:3      | Bought a scroll of teleportation for 42 gold pieces
  1597 | D:3      | Bought a scroll of noise for 14 gold pieces
  1949 | D:3      | Found a broken altar of Ashenzari.
  2061 | D:3      | Noticed Grinder
  2085 | D:3      | Learned a level 2 spell: Ensorcelled Hibernation
  2367 | D:4      | Reached XP level 5. HP: 34/34 MP: 6/6
  2587 | D:4      | Learned a level 2 spell: Passwall
  3083 | D:4      | Noticed Edmund
  3088 | D:4      | Killed Edmund
  3089 | D:4      | Reached skill level 1 in Hexes
  3089 | D:4      | Reached skill level 1 in Earth Magic
  3089 | D:4      | Reached XP level 6. HP: 30/39 MP: 7/7
  3409 | D:4      | Reached skill level 1 in Transmutations
  3448 | D:5      | Entered Level 5 of the Dungeon
  3733 | D:5      | Reached *** piety under Cheibriados
  3860 | D:5      | Reached XP level 7. HP: 45/45 MP: 9/9
  4024 | D:6      | Reached skill level 7 in Stealth
  4324 | D:6      | Reached XP level 8. HP: 50/50 MP: 10/10
  4818 | D:7      | Reached skill level 8 in Stealth
  4880 | D:7      | Found a staircase to the Ecumenical Temple.
  4967 | D:7      | Noticed a komodo dragon
  5209 | D:7      | Reached **** piety under Cheibriados
  5393 | D:7      | Killed a komodo dragon
  5394 | D:7      | Reached skill level 5 in Short Blades
  5394 | D:7      | Reached XP level 9. HP: 54/54 MP: 12/12
  5396 | D:7      | Reached skill level 1 in Ice Magic
  5530 | D:3      | Paralysed by Grinder for 5 turns
  5557 | D:3      | Paralysed by Grinder for 4 turns
  5563 | D:3      | Killed Grinder
  5865 | D:8      | Noticed a two-headed ogre
  5874 | D:8      | Killed a two-headed ogre
  5875 | D:8      | Reached skill level 5 in Dodging
  5875 | D:8      | Reached skill level 9 in Stealth
  5875 | D:8      | Reached skill level 5 in Invocations
  6054 | D:8      | Learned a level 3 spell: Spider Form
  6077 | D:8      | HP: 3/81 [killer bee (5)]
  6083 | D:8      | Reached skill level 1 in Poison Magic
  6107 | D:8      | Reached XP level 10. HP: 56/60 MP: 14/14
  6247 | D:8      | Reached ***** piety under Cheibriados
  6597 | D:8      | Found Ugebbi's Jewellery Emporium.
  6606 | D:8      | Bought a ring of willpower for 300 gold pieces
  6699 | D:8      | Found a staircase to the Lair.
  6897 | D:9      | Reached skill level 5 in Hexes
  7152 | D:9      | Reached skill level 10 in Stealth
  7957 | Lair:1   | Entered Level 1 of the Lair of Beasts
  7966 | Lair:1   | Noticed a cane toad
  7980 | D:8      | Killed a cane toad
  8009 | Lair:1   | Noticed a cane toad
  8185 | D:8      | Killed a cane toad
  8257 | Lair:1   | Reached skill level 1 in Spellcasting
  8269 | Lair:1   | Reached XP level 11. HP: 36/64 MP: 15/15
  8375 | Lair:1   | Found a broken altar of Ashenzari.
  8375 | Lair:1   | Noticed an oklob plant
  8653 | Lair:1   | Reached skill level 11 in Stealth
  8724 | Lair:1   | Reached skill level 5 in Transmutations
  9024 | Lair:1   | Killed an oklob plant
  9172 | Lair:1   | Killed by an exploding yak... ignited by their inner flame

Illustrated notes

Levels and vault maps discovered:
D:1:      lemuel_arrival_broad_hall, layout_basic
D:2:      layout_loops_ring, serial_shops, nicolae_shop_bloodbath_and_beyond,
          shapermc_ecumenical_altar_acropolis, nicolae_shop_vocational
D:3:      layout_loops_corners, nicolae_ashenzari_panopticon,
          kiku_gazebo_pond_becter, serial_shops, shop, uniq_grinder
D:4:      layout_basic, minmay_misc_feat_x, uniq_edmund
D:5:      layout_rooms
D:6:      layout_loops_ring
D:7:      layout_cave_pools, minmay_temple_entry_statues_pillars
D:8:      layout_rooms, lair_entry_dummy, serial_shops, nicolae_diamond_shop,
          roderic_batcave
D:9:      layout_basic
Lair:1:   layout_chaotic_city, lemuel_oklob_altar
Lair:2:   layout_roguey, hangedman_tree_tricks, bh_autumn_forest_stairs,
          lemuel_fruit_fields

Skill      XL: |  1  2  3  4  5  6  7  8  9 10 11 |
---------------+----------------------------------+-----
Invocations    | 1 2 3 4 5 6 7 |  7.1
Dodging        | 2 3 4 5 6 7 |  7.2
Stealth        | 6 7 8 9 10 11 | 11.0
Short Blades   | 3 4 5 6 7 |  7.2
Hexes          | 1 2 3 4 5 6 |  6.2
Earth Magic    | 1 2 3 4 |  4.0
Transmutations | 1 2 3 4 5 |  5.2
Ice Magic      | 2 4 |  4.0
Poison Magic   | 1 4 |  4.0
Spellcasting   | 1 |  1.0
Fighting       | |  2.4
Throwing       | |  2.0

Action                   |  1- 3 |  4- 6 |  7- 9 | 10-12 || total
-------------------------+-------+-------+-------+-------++-------
Melee: Dagger            |    34 |    81 |    77 |    63 ||   255
       Constrict         |     8 |    18 |    14 |    36 ||    76
       Tentacles         |     4 |    18 |    22 |    62 ||   106
       Punch             |       |     1 |     2 |     4 ||     7
       Short sword       |       |       |    18 |   144 ||   162
       Unarmed           |       |       |       |    55 ||    55
Throw: Dart              |       |       |       |     1 ||     1
 Cast: Passwall          |       |     5 |    22 |    18 ||    45
       Ensorcelled Hiber |       |       |     2 |     2 ||     4
       Spider Form       |       |       |       |     4 ||     4
 Abil: End Transformatio |       |       |       |     2 ||     2
  Use: Scroll            |       |     7 |     1 |     8 ||    16
       Potion            |       |     1 |     3 |       ||     4
 Stab: Sleeping          |    11 |    16 |    22 |    19 ||    68
       Distracted        |       |     1 |     1 |       ||     2
Armor: Skin              |       |     5 |     7 |    28 ||    40
Dodge: Dodged            |    10 |    37 |    61 |   227 ||   335

Table legend: (Time is in decaauts)
 A = Elapsed time spent in this place.
 B = Non-inter-level travel time spent in this place.
 C = Inter-level travel time spent in this place.
 D = Time resting spent in this place.
 E = Time spent auto-exploring this place.
 F = Levels seen in this place.
 G = Mean time per level.
                   A        B        C        D        E       F      G
               +--------+--------+--------+--------+--------+-----+--------+
         Total |  13362 |  12503 |    859 |   1172 |   8398 |  11 | 1214.7 |
       Dungeon |  11768 |  10946 |    822 |   1118 |   7384 |   9 | 1307.6 |
          Lair |   1593 |   1556 |     37 |     54 |   1013 |   2 |  796.5 |
               +--------+--------+--------+--------+--------+-----+--------+

Top non-repeatable levels by time:
     D:9: 2000 daAuts
     D:3: 1792 daAuts
     D:4: 1733 daAuts
     D:8: 1595 daAuts
  Lair:1: 1414 daAuts
     D:7: 1213 daAuts
     D:6: 1180 daAuts
     D:2: 999 daAuts
     D:5: 796 daAuts
     D:1: 457 daAuts
  Lair:2: 179 daAuts
